 Dungeon Crawl Stone Soup version 0.31.0-12-g77e489cdc1 (webtiles) character file.

Game seed: 7340260891367463152

238 Gadfly the Covered (level 5, 0/45 HPs)
             Began as an Armataur Fighter on Mar 1, 2024.
             Slain by a water moccasin (3 damage)
             ... on level 3 of the Dungeon.
             The game lasted 00:03:08 (2562 turns).

Gadfly the Covered (Armataur Fighter)               Turns: 2562, Time: 00:03:08

Health: 0/45       AC:  8    Str: 21    XL:     5   Next: 78%
Magic:  6/6        EV:  7    Int:  8    God:
Gold:   140        SH:  5    Dex: 12    Spells: 4/4 levels left

rFire   + . .        a - +0 flail (protect)
rCold   . . .        c - +0 buckler
rNeg    . . .        b - +0 scale mail
rPois   .            (no helmet)
rElec   .            (no cloak)
rCorr   .            f - +0 pair of gloves
SInv    .            (no barding)
Will    .....        (no amulet) Stlth
                     g - ring of protection from fire
HPRegen 0.27/turn    (no ring)
MPRegen 0.10/turn

%: roll
@: mighty, lethally poisoned (0 -> -9)
A: large, deformed body, tough skin 3, armoured tail, roll 1
a: no special abilities


You were on level 3 of the Dungeon.
You visited 1 branch of the dungeon, and saw 3 of its levels.
You also visited: Sewer.

You collected 140 gold pieces.

Inventory:

Hand Weapons
 a - a +0 flail of protection (weapon)
Armour
 b - a +0 scale mail (worn)
 c - a +0 buckler (worn)
 f - a +0 pair of gloves (worn)
Jewellery
 g - a ring of protection from fire (left hand)
Potions
 d - 2 potions of might
 k - a potion of haste


   Skills:
 + Level 3.1 Fighting
 * Level 3.0 Maces & Flails
 + Level 4.4 Armour
 + Level 3.9 Shields
 * Level 2.5 Invocations
 * Level 2.3 Evocations


You had 4 spell levels left.
You didn't know any spells.
Your spell library contained the following spells:

 Spells                   Type           Power      Damage    Failure   Level
 Call Canine Familiar     Summ           0%         N/A       99%         3
 Sigil of Binding         Hex            0%         N/A       99%         3
 Dimensional Bullseye     Hex/Tloc       0%         N/A       100%        4


Dungeon Overview and Level Annotations

Branches:
Dungeon (3/15)              Sewer (visited)

Altars:
Ashenzari


Innate Abilities, Weirdness & Mutations

Armour fits poorly on your strangely shaped body.
You have extremely tough skin. (AC +3)
You have a long armoured tail.
You regenerate magic when rolling toward enemies. (Rampage MPRegen)


Message History

The goblin shouts!
The water moccasin completely misses you.
The ribbon worm expels a string of sticky webbing.
The stream of webbing hits you but does no damage.
You are caught in a web!
The water moccasin bites you.
You are more poisoned.
The water moccasin poisons you!
There is a web, spattered with blood here.
You struggle to detach yourself from the web.
You feel very sick. The water moccasin bites you.
* * * LOW HITPOINT WARNING * * *
The web tears apart.
* * * LOW HITPOINT WARNING * * *
You feel very sick. The water moccasin barely misses you.
The water moccasin bites you.
* * * LOW HITPOINT WARNING * * *
Unknown command.
You feel better.
The water moccasin bites you but does no damage.
The water moccasin bites you but does no damage.
You feel very mighty all of a sudden.
The water moccasin bites you but does no damage.
The water moccasin closely misses you.
You closely miss the water moccasin.
Your tail-slap misses the water moccasin.
The water moccasin bites you.
* * * LOW HITPOINT WARNING * * *
You are lethally poisoned!
The water moccasin poisons you!
The ribbon worm expels a string of sticky webbing.
The stream of webbing hits you but does no damage.
You are caught in a web!
The water moccasin bites you.
* * * LOW HITPOINT WARNING * * *
Okay, then.
The web tears apart.
* * * LOW HITPOINT WARNING * * *
You feel very sick. The water moccasin bites you.
You die...

.. ........ # #.....#.
####...... .##.....#
........##
##<...#..#######
...)...........##
.###.##~≈≈~~##..#########
...#÷##≈≈~≈~##..@w†.[....
#...÷≈.....~~.##S.......
###.≈~~....≈~.#.g.......
#.~~....~~~...........
#.≈~.....≈~.#.........
#.~~...~.≈~.#.........
#.##~~.~≈##.#.........
#.##~≈.~≈# ...........
#........~...##


You could see a water moccasin, a ribbon worm (catching breath) and a goblin.

Vanquished Creatures
  A hound (D:3)
  3 jellies (Sewer)
  2 adders
  2 river rats (Sewer)
  2 dart slugs (D:2)
  3 ribbon worms
  An orc (D:3)
  6 bats
  12 endoplasms
  5 giant cockroaches
  2 goblins
  3 hobgoblins (D:1)
  3 quokkas
  10 ball pythons
  5 frilled lizards
  5 kobolds
  4 rats
69 creatures vanquished.

Notes
Turn   | Place    | Note
-------+----------+-------------------------------------------
     0 | D:1      | Gadfly the Armataur Fighter began the quest for the Orb.
     0 | D:1      | Reached XP level 1. HP: 18/18 MP: 1/1
   377 | D:1      | Reached XP level 2. HP: 20/20 MP: 2/2
   798 | D:1      | Found a faded altar of an unknown god.
  1015 | D:2      | Reached skill level 1 in Invocations
  1015 | D:2      | Reached skill level 1 in Evocations
  1078 | D:2      | Reached XP level 3. HP: 29/30 MP: 3/3
  1508 | D:2      | Found a broken altar of Ashenzari.
  1869 | D:3      | Reached skill level 4 in Armour
  1881 | D:3      | Found a glowing drain.
  1903 | Sewer    | Entered a sewer
  1929 | Sewer    | Reached XP level 4. HP: 30/37 MP: 5/5
  2223 | Sewer    | Reached XP level 5. HP: 25/45 MP: 6/6
  2371 | Sewer    | Found a viscous altar of Jiyva.
  2546 | D:3      | Noticed a water moccasin
  2562 | D:3      | Slain by a water moccasin

Illustrated notes

Levels and vault maps discovered:
D:1:      shiori_arrival_whats_in_store_for_you, layout_loops_corners,
          hellmonk_ecumenical_altar_inner_sanctum, st_stairs_13
D:2:      layout_loops_corners, basic_altar, chequers_serial_rivers_marsh
D:3:      wander_river, layout_rooms, okawaru_gym_becter, lemuel_doored_altar,
          cheibrodos_sewer_entry_sluice, uniq_ijyb, uniq_sigmund, uniq_natasha

Skill      XL: |  1  2  3  4  5 |
---------------+----------------+-----
Maces & Flails | 2 3 |  3.0
Invocations    | 1 2 |  2.5
Evocations     | 1 2 |  2.3
Armour         | 4 |  4.4
Fighting       | 3 |  3.1
Shields        | |  3.9

Action                     |  1- 3 |  4- 6 || total
---------------------------+-------+-------++-------
  Melee: Flail             |   135 |    82 ||   217
         Tailslap          |    13 |     9 ||    22
    Use: Scroll            |     5 |     3 ||     8
         Potion            |     3 |     2 ||     5
 Armour: Scale mail        |    97 |   123 ||   220
  Dodge: Dodged            |    53 |    56 ||   109
  Block: Buckler           |    32 |    25 ||    57
